 Dungeon Crawl Stone Soup version 0.30.0-3-ga4e48a9924 (webtiles) character file.

Game seed: 563144906384906096

88 Twinkles the Sneak (level 4, -2/23 HPs)
             Began as a Vine Stalker Brigand on May 7, 2023.
             Slain by an orc priest
             ... wielding a +0 short sword
              (5 damage)
             ... on level 2 of the Dungeon.
             The game lasted 00:03:50 (1145 turns).

Twinkles the Sneak (Vine Stalker Brigand)           Turns: 1145, Time: 00:03:51

Health: -2/23      AC:  5    Str: 16    XL:     4   Next: 53%
Magic:  0/5        EV: 11    Int: 11    God:
Gold:   80         SH:  4    Dex: 15    Spells: 3/3 levels left

rFire   . . .        a - +2 dagger
rCold   . . .        f - +0 buckler
rNeg    . . .        i - +0 leather armour
rPois   .            (no helmet)
rElec   .            c - +0 cloak
rCorr   .            k - +0 pair of gloves
SInv    .            (no boots)
Will    .....        (no amulet)
Stlth   +++          (no ring)
HPRegen 1.03/turn    (no ring)
MPRegen 0.09/turn

%: guardian spirit
@: no status effects
A: fangs 2, regeneration 1, magic shield, antimagic bite, no potion heal 2
a: no special abilities


You were on level 2 of the Dungeon.
You visited 1 branch of the dungeon, and saw 2 of its levels.

You collected 80 gold pieces.

Inventory:

Hand Weapons
 a - a +2 dagger (weapon)
Missiles
 d - 9 poisoned darts (quivered)
 e - 3 curare-tipped darts
Armour
 b - a +0 robe
 c - a +0 cloak (worn)
 f - a +0 buckler (worn)
 i - a +0 leather armour (worn)
 k - a +0 pair of gloves (worn)
Scrolls
 g - a scroll of enchant armour {unknown}
 j - 2 scrolls of vulnerability {unknown}
 l - a scroll of magic mapping {unknown}
Potions
 h - a potion of cancellation {unknown}
 m - 2 potions of lignification {unknown}


   Skills:
 + Level 2.4 Fighting
 * Level 2.8 Short Blades
 - Level 2.0 Throwing
 + Level 1.5 Dodging
 - Level 5.0 Stealth
 + Level 1.1 Shields


You had 3 spell levels left.
You didn't know any spells.
Your spell library was empty.

Dungeon Overview and Level Annotations

Branches:
Dungeon (2/15) Zot: 10859

Altars:


Innate Abilities, Weirdness & Mutations

You have extremely sharp teeth.
Your natural rate of healing is unusually fast.
When hurt, damage is shared between your health and your magic reserves.
Your bite disrupts and absorbs the magic of your enemies.
Potions cannot restore your health.


Message History

An orc priest comes into view. It is wielding a +0 short sword.
Found 8 gold pieces.
You hit the orc priest.
You bite the orc priest, but do no damage.
The orc priest is moderately wounded.
You block the orc priest's attack.
The orc priest looks encouraged for a moment.
You hit the orc priest. Your bite misses the orc priest.
The orc priest is heavily wounded.
A dart slug comes into view.
A goblin comes into view. It is wielding a +2 dagger of venom.
You block the orc priest's attack.
You closely miss the orc priest.
The goblin shouts!
Your bite misses the orc priest.
The orc priest is heavily wounded.
The orc closely misses you. You block the orc priest's attack.
The orc priest hits you with a +0 short sword.
The dart slug launches a dart at you. The slug dart hits you.
You hit the orc priest. You bite the orc priest. You drain its power.
You feel invigorated.
The orc priest is almost dead.
The orc priest hits you but does no damage.
The orc hits you but does no damage. The orc priest barely misses you.
You barely miss the orc priest. Your bite misses the orc priest.
The orc priest is almost dead.
The dart slug launches a dart at you.
The slug dart hits you but does no damage.
The orc hits you but does no damage. You block the orc priest's attack.
The orc priest invokes the aid of Beogh against you.
Pain shoots through your body!
You barely miss the orc priest.
The orc priest is almost dead.
The orc hits you but does no damage.
The orc priest mumbles some strange prayers to Beogh against you.
Beogh smites you!
* * * LOW HITPOINT WARNING * * *
The orc priest hits you with a +0 short sword.
You die...

♣♣.P ♣.. ♣♣♣♣♣♣ ## ♣P♣
♣.♣♣.♣♣ .$# ♣.♣♣♣♣....♣
##.## ..♣.♣♣♣..♣♣♣♣ ..?#
..♣.P♣♣♣♣.PP♣ #..#
....♣.♣P.♣.P♣♣♣.g#####.#
........♣...♣♣.oow.....#
.♣...♣...♣♣♣♣##o@#
♣.♣P♣PP...♣♣♣....#
♣♣P♣.♣♣.♣.♣.♣♣#..#
.♣♣.♣♣♣♣♣♣..♣ ♣..#
P♣.♣♣♣♣...♣.♣♣#..#
♣P♣♣)♣..♣...♣♣...#
♣.♣♣..♣P....♣♣##.#
.♣.♣♣P♣♣....♣ ♣..#
♣P..♣♣PP♣...♣♣#.##


You could see 2 orc priests, a dart slug, an orc and a goblin.

Vanquished Creatures
  Jessica (D:2)
  An adder (D:2)
  A ball python (D:1)
  5 bats (D:1)
  11 endoplasms
  A giant cockroach (D:2)
  5 hobgoblins
  4 quokkas
  4 frilled lizards
  6 goblins
  4 kobolds
  3 rats
46 creatures vanquished.

Vanquished Creatures (others)
  2 plants (D:2)
2 creatures vanquished.

Grand Total: 48 creatures vanquished

Notes
Turn   | Place    | Note
-------+----------+-------------------------------------------
     0 | D:1      | Twinkles the Vine Stalker Brigand began the quest for the
                  | Orb.
     0 | D:1      | Reached XP level 1. HP: 11/11 MP: 2/2
     2 | D:1      | Noticed an octopode
     2 | D:1      | Noticed a spriggan
     4 | D:1      | Noticed a demigod
     4 | D:1      | Noticed a tengu
     6 | D:1      | Noticed a naga
     6 | D:1      | Noticed a minotaur
     8 | D:1      | Noticed a human
     8 | D:1      | Noticed an elf
    10 | D:1      | Noticed an ogre
    10 | D:1      | Noticed a ghoul
    12 | D:1      | Noticed a felid
    12 | D:1      | Noticed an armataur
    14 | D:1      | Noticed a gargoyle
    14 | D:1      | Noticed a meteoran
    16 | D:1      | Noticed a vine stalker
    18 | D:1      | Noticed a merfolk
    18 | D:1      | Noticed a vampire
    20 | D:1      | Noticed a draconian
    22 | D:1      | Noticed a formicid
    22 | D:1      | Noticed a troll
    24 | D:1      | Noticed a ghoul
    26 | D:1      | Noticed a spriggan
    66 | D:1      | HP: 1/11 [frozen (4)]
   136 | D:1      | Reached skill level 1 in Dodging
   136 | D:1      | Reached XP level 2. HP: 11/15 MP: 3/3
   142 | D:1      | Reached skill level 5 in Stealth
   417 | D:1      | Found a faded altar of an unknown god.
   510 | D:1      | Reached XP level 3. HP: 18/18 MP: 4/4
   712 | D:2      | Noticed Jessica
   719 | D:2      | Killed Jessica
   720 | D:2      | Gained mutation: Your natural rate of healing is unusually
                  | fast. [Vine Stalker growth]
   720 | D:2      | Reached XP level 4. HP: 17/23 MP: 3/5
   809 | D:2      | Reached skill level 1 in Shields
  1145 | D:2      | HP: 3/23 [orc priest/divine providence (9)]
  1145 | D:2      | Slain by an orc priest

Illustrated notes

Levels and vault maps discovered:
D:1:      kb_arrival_jail, layout_rooms, dilly_ecumenical_altar_fadedgnrine
D:2:      wad_woods_pond, layout_loops_ring, uniq_jessica

Skill      XL: |  1  2  3  4 |
---------------+-------------+-----
Dodging        | 1 |  1.5
Stealth        | 5 |  5.0
Short Blades   | 2 |  2.8
Throwing       | 2 |  2.0
Fighting       | 2 |  2.4
Shields        | 1 |  1.1

Action                     |  1- 3 |  4- 6 || total
---------------------------+-------+-------++-------
  Melee: Dagger            |    77 |    47 ||   124
         Bite              |    17 |    13 ||    30
   Stab: Sleeping          |     8 |     2 ||    10
 Armour: Robe              |    20 |     3 ||    23
         Leather armour    |       |    10 ||    10
  Dodge: Dodged            |    51 |    16 ||    67
  Block: Buckler           |     8 |     7 ||    15
